 Dungeon Crawl Stone Soup version 0.29.1-1-gd02db6906a (webtiles) character file.

Game seed: 13962623178753080573

106 Zeld the Gusty (level 4, 0/24 HPs)
             Began as a Tengu Air Elementalist on Sept 30, 2022.
             Slain by an orc
             ... wielding a +0 falchion
              (3 damage)
             ... on level 2 of the Dungeon.
             The game lasted 00:03:18 (2831 turns).

Zeld the Gusty (Tengu Air Elementalist)             Turns: 2831, Time: 00:03:19

Health: 0/24       AC:  2    Str:  9    XL:     4   Next: 84%
Magic:  1/9        EV: 12    Int: 17    God:
Gold:   43         SH:  0    Dex: 14    Spells: 3/9 levels left

rFire   . . .      SeeInvis .   (no weapon)
rCold   . . .      Faith    .   (no shield)
rNeg    . . .      Spirit   .   a - +0 robe
rPois   .          Reflect  .   (helmet restricted)
rElec   .          Harm     .   j - scarf {repulsion}
rCorr   .          Rampage  .   (no gloves)
Will    .....                   (boots unavailable)
Stlth   ++........              (no amulet)
HPRegen 0.08/turn               (no ring)
MPRegen 0.11/turn               (no ring)

@: repel missiles
A: beak, talons 3
a: no special abilities


You were on level 2 of the Dungeon.
You visited 1 branch of the dungeon, and saw 3 of its levels.

You collected 43 gold pieces.

Inventory:

Missiles
 k - a throwing net
Armour
 a - a +0 robe (worn)
 j - a scarf of repulsion (worn)
Scrolls
 c - 3 scrolls of identify {unknown}
 d - a scroll of torment {unknown}
 e - 2 scrolls of fear {unknown}
 g - a scroll of enchant weapon {unknown}
Potions
 b - a potion of magic
 f - a potion of flight {unknown}
 h - a potion of attraction {unknown}
 i - a potion of degeneration {unknown}


   Skills:
 + Level 2.8 Dodging
 + Level 2.6 Stealth
 * Level 3.0 Spellcasting
 + Level 2.4 Conjurations
 * Level 5.1 Air Magic


You had 3 spell levels left.
You knew the following spells:

 Your Spells              Type           Power      Damage    Failure   Level
a - Shock                 Conj/Air       60%        1d6       3%          1
b - Static Discharge      Conj/Air       15%        3-5/arc   5%          2
c - Swiftness             Air            19%        N/A       6%          3

Your spell library contained the following spells:

 Spells                   Type           Power      Damage    Failure   Level
 Airstrike                Air            9%         2d(2-18)  22%         4


Dungeon Overview and Level Annotations

Branches:
Dungeon (3/15)

Altars:


Innate Abilities, Weirdness & Mutations

You have a beak for a mouth.
You have claws for feet.


Message History

The gnoll is moderately wounded.
You miscast Shock.
Nothing appears to happen.
The zap hits the gnoll.
The gnoll is severely wounded.
A ball python comes into view.
An orc comes into view. It is wielding a +0 dagger.
The zap hits the gnoll.
The gnoll is severely wounded.
The ball python hisses angrily.
The orc shouts!
The gnoll hits you from afar with a +0 halberd.
The gnoll closely misses you. The orc completely misses you.
You climb upwards.
There is a stone staircase leading down here.
You aren't carrying any pieces of jewellery.
Unknown command.
The orc hits you with a +0 falchion. The orc attacks as you move away!
The orc hits you with a +0 falchion!
You are too injured to fight recklessly!
You are too injured to fight recklessly!
Casting: Shock (safe; 3% risk of failure)
Confirm with . or Enter, or press ? or * to list all spells.
Aiming: Shock (safe; 3% risk of failure)
Press: ? - help, Shift-Dir - straight line, f - orc
Aim: an orc, wielding a +0 falchion (71% to hit)
The zap hits the orc.
The orc is moderately wounded.
The orc barely misses you.
Unknown command.
Casting: Shock (safe; 3% risk of failure)
Confirm with . or Enter, or press ? or * to list all spells.
Aiming: Shock (safe; 3% risk of failure)
Press: ? - help, Shift-Dir - straight line, f/p - orc
Aim: an orc, wielding a +0 falchion (moderately wounded, 71% to hit)
The zap hits the orc.
The orc is heavily wounded.
The orc hits you with a +0 falchion!
* * * LOW HITPOINT WARNING * * *
Your magical contamination has completely faded away.
The orc attacks as you move away! The orc hits you with a +0 falchion.
You die...

#.# #>......†.# ###.### ##### #.#
#.###.###.# #.# #.# #.# #.#
#.#####.## #.###.###.# #........#
#.....†...# #######..######
#####.##### #.......# ###.#
#########.##..#.######
####.#.#####.....................
#..........>...o@......~~~~.~~~~~
#.##.#.......#######)#[~≈≈~.~~≈≈~
#.##.#####...# #.#.~≈≈~.≈≈≈≈≈
#.##.# #...#######.#.≈≈≈~.~≈~~≈
#.##.# #.......[.#.#.~~≈~......
#.##.# #....####.#.#.......~~≈~
#.##.# #...........#.~~~~~.~≈≈≈
#.##.# ##...####.....~≈≈≈~.~≈≈~
#.##.# ##...........≈≈≈≈~.~≈≈~


You could see an orc.

Vanquished Creatures
  2 adders (D:2)
  3 gnolls (D:2)
  An orc (D:3)
  7 bats
  7 endoplasms
  A giant cockroach (D:1)
  2 hobgoblins
  2 jackals (D:1)
  3 quokkas (D:2)
  2 ball pythons (D:1)
  A frilled lizard (D:2)
  6 goblins
  3 kobolds (D:1)
  21 rats
61 creatures vanquished.

Notes
Turn   | Place    | Note
-------+----------+-------------------------------------------
     0 | D:1      | Zeld the Tengu Air Elementalist began the quest for the
                  | Orb.
     0 | D:1      | Reached XP level 1. HP: 10/10 MP: 4/4
   205 | D:1      | Reached XP level 2. HP: 15/15 MP: 1/6
   248 | D:1      | Learned a level 2 spell: Static Discharge
   810 | D:1      | Reached XP level 3. HP: 19/19 MP: 1/7
   814 | D:1      | Learned a level 3 spell: Swiftness
   894 | D:1      | Found a faded altar of an unknown god.
  1418 | D:2      | Reached XP level 4. HP: 15/24 MP: 1/9
  2478 | D:2      | Reached skill level 5 in Air Magic
  2831 | D:2      | Slain by an orc

Illustrated notes

Levels and vault maps discovered:
D:1:      lightli_arrival_lavapool, layout_rooms,
          shapermc_ecumenical_altar_flowoftime
D:2:      layout_loops_ring, amcnicky_mini_pool_small, minivault_14,
          minmay_rat_hole
D:3:      layout_basic, lemuel_crystal_altar, grunt_dithmenos_smoke,
          worldfamousw_hep_ancestral_shrine, uniq_ijyb

Skill      XL: |  1  2  3  4 |
---------------+-------------+-----
Conjurations   | 2 |  2.4
Air Magic      | 5 |  5.1
Spellcasting   | 3 |  3.0
Dodging        | |  2.8
Stealth        | |  2.6

Action                   |  1- 3 |  4- 6 || total
-------------------------+-------+-------++-------
Melee: Unarmed           |     3 |     4 ||     7
       Kick              |     2 |     3 ||     5
 Cast: Shock             |    73 |    51 ||   124
Armor: Robe              |     3 |     2 ||     5
Dodge: Dodged            |    13 |    13 ||    26
